 Dungeon Crawl Stone Soup version 0.18.1-1-g2f07953 (webtiles) character file.

20 oplop the Grave Robber (level 2, -1/13 HPs)
             Began as a Vine Stalker Necromancer on May 7, 2016.
             Slain by an adder (4 damage)
             ... on level 2 of the Dungeon.
             The game lasted 00:01:48 (741 turns).

oplop the Grave Robber (Vine Stalker Necromancer)    Turns: 741, Time: 00:01:48

Health: -1/13      AC:  2    Str: 10    XL:     2   Next: 79%
Magic:  0/6        EV: 12    Int: 15    God:
Gold:   62         SH:  0    Dex: 14    Spells: 1 memorised, 5 levels left

rFire  . . .     SeeInvis .     h - +2 spear (freeze)
rCold  . . .     Gourm    .     a - +0 robe
rNeg   . . .     Faith    .     (no shield)
rPois  .         Spirit   +     (no helmet)
rElec  .         Dismiss  .     (no cloak)
rCorr  .         Reflect  .     (no gloves)
SustAt .         Harm     .     (no boots)
MR     .....                    (no amulet)
Stlth  ++........               (no ring)
                                (no ring)

@: not resistant to hostile enchantments, unstealthy
A: fangs 2, regeneration 1, magic shield, antimagic bite, no device heal 3, rot
immunity
a: no special abilities


You were on level 2 of the Dungeon.
You were not hungry.

You visited 1 branch of the dungeon, and saw 2 of its levels.

You collected 62 gold pieces.

Inventory:

Hand Weapons
 e - a +0 whip
 h - a +2 spear of freezing (weapon)
 j - a +1 whip of freezing
Missiles
 k - 6 needles of confusion
Armour
 a - a +0 robe (worn)
Jewellery
 i - an uncursed amulet of guardian spirit
Scrolls
 d - a scroll of remove curse {unknown}
 f - a scroll of recharging {unknown}
 g - 2 scrolls of identify {unknown}
Potions
 l - a potion of heal wounds {unknown}
Books
 b - a book of Necromancy

   Spells                             Type                      Level
   a - Pain                           Necromancy                   1
   b - Animate Skeleton               Necromancy                   1
   c - Vampiric Draining              Necromancy                   3
   d - Regeneration                   Charms/Necromancy            3
   e - Animate Dead                   Necromancy                   4
   f - Control Undead                 Necromancy                   4
Comestibles
 c - 2 bread rations


   Skills:
 + Level 1.7 Dodging
 + Level 3.1 Stealth
 + Level 2.5 Spellcasting
 * Level 4.1 Necromancy


You had 5 spell levels left.
You knew the following spells:

 Your Spells              Type           Power        Failure   Level  Hunger
a - Pain                  Necr           ##..         4%          1    #......


Dungeon Overview and Level Annotations

Branches:
Dungeon (2/15)

Altars:
The Shining One


Innate Abilities, Weirdness & Mutations

You have extremely sharp teeth.
Your natural rate of healing is unusually fast.
When hurt, damage is shared between your health and your magic reserves.
Your bite disrupts and absorbs the magic of your enemies.
Potions and wands cannot restore your health.
You are immune to rotting.


Message History

Press: ? - help, Shift-Dir - straight line, p - adder The adder convulses in agony!
The jackal closely misses you. The adder closely misses you.
The jackal moves out of view.
Casting: Pain
Confirm with . or Enter, or press ? or * to list all spells.
Aiming: Pain
Press: ? - help, Shift-Dir - straight line, f - adder
Aim: an adder (lightly wounded, chance to defeat MR: 79%)
The adder convulses in agony!
The jackal barely misses you. The adder bites you.
The jackal bites you but does no damage.
The adder misses you.
Casting: Pain
Confirm with . or Enter, or press ? or * to list all spells.
Aiming: Pain
Press: ? - help, Shift-Dir - straight line, p - adder The adder convulses in agony!
The jackal bites you.
* * * LOW HITPOINT WARNING * * *
The adder bites you.
You die...

.#... ..... #h..
#... #######
####...##......
............##.#.
......†..........
......h@.<...#
####..S##.##.#
#... #..( #...
#.### #... #..
#... ### .#.#
.#..


You could see an adder and 2 jackals.

Vanquished Creatures
  An ooze (D:1)
  A dart slug (D:1)
  A ball python (D:1)
  A goblin (D:1)
  A hobgoblin (D:1)
  A jackal (D:2)
  3 kobolds (D:1)
  A bat (D:2)
  A giant newt (D:1)
  4 rats (D:1)
15 creatures vanquished.

Notes
Turn   | Place    | Note
--------------------------------------------------------------
     0 | D:1      | oplop the Vine Stalker Necromancer began the quest for the Orb.
     0 | D:1      | Reached XP level 1. HP: 9/9 MP: 4/4
   195 | D:1      | Reached XP level 2. HP: 13/13 MP: 6/6
   268 | D:1      | Found a glowing golden altar of the Shining One.
   741 | D:2      | Slain by an adder

Skill      XL: |  1  2 |
---------------+-------+-----
Stealth        | 3 |  3.1
Dodging        | |  1.7
Spellcasting   | |  2.5
Necromancy     | |  4.1

Action                   || total
-------------------------++-------
Melee: Unarmed           ||     5
       Whip              ||    11
       Bite              ||     7
       Spear             ||    17
 Cast: Pain              ||     8
 Stab: Sleeping          ||     3
Armor: Robe              ||     6
Dodge: Dodged            ||    21
